 Dungeon Sprint DCSS version 0.30-a0-123-g91d0c66ccf (webtiles) character file.

Game seed: 16113839103030529213

398 Ofeo the Grappler (level 6, -8/82 HPs)
             Began as a Troll Warper on Sept 17, 2022.
             Was an Initiate of Jiyva.
             Mangled by a two-headed ogre
             ... wielding a +0 giant club
              (14 damage)
             ... in the Dungeon (Sprint IX: "|||||||||||||||||||||||||||||").
             The game lasted 00:01:13 (211 turns).

Ofeo the Grappler (Troll Warper)                     Turns: 211, Time: 00:01:13

Health: -8/82      AC:  4    Str: 20    XL:     6   Next: 53%
Magic:  6/6        EV:  9    Int: 11    God:    Jiyva [......]
Gold:   0          SH:  0    Dex:  9    Spells: 7/7 levels left

rFire   . . .      SeeInvis .      - Unarmed
rCold   . . .      Faith    .    (no shield)
rNeg    . . .      Spirit   .    a - +0 robe
rPois   .          Reflect  .    (helmet restricted)
rElec   .          Harm     .    (no cloak)
rCorr   .          Rampage  .    (gloves unavailable)
Will    .....      NoTele   +    (boots unavailable)
Stlth   ..........               (no amulet)
HPRegen 1.03/turn                (no ring)
MPRegen 0.10/turn                (no ring)

@: berserking, very quick
A: large, unfitting armour, claws 3, regeneration 1, shaggy fur 1, tough skin 1
a: Renounce Religion


You were in the Dungeon.
You worshipped Jiyva.
Jiyva was noncommittal.
You visited 1 branch

Inventory:

Missiles
 c - 7 boomerangs of dispersal (quivered)
Armour
 a - a +0 robe (worn)
Jewellery
 k - a +3 ring of dexterity
 l - a +3 ring of dexterity
Wands
 j - a wand of quicksilver (10)
Scrolls
 b - 3 scrolls of blinking {@r4}
 i - 2 scrolls of amnesia
Potions
 d - a potion of invisibility
 f - a potion of haste {@q3}
 g - 4 potions of magic
 h - 2 potions of heal wounds {@q2}
 q - 5 potions of curing {@q1}


   Skills:
 - Level 1.5 Fighting
 - Level 0.8 Throwing
 - Level 1.9 Dodging
 + Level 14.1 Unarmed Combat
 - Level 1.2 Spellcasting
 - Level 2.1 Translocations


You had 7 spell levels left.
You didn't know any spells.
Your spell library contained the following spells:

 Spells                   Type           Power      Damage    Failure   Level
 Blink                    Tloc           10%        N/A       19%         2
 Gell's Gravitas          Tloc           5%         N/A       36%         3
 Lesser Beckoning         Tloc           5%         N/A       36%         3
 Teleport Other           Tloc           5%         N/A       36%         3
 Manifold Assault         Tloc           5%         N/A       77%         4


Dungeon Overview and Level Annotations

Branches:
Dungeon (1/1)

Altars:
Cheibriados
Dithmenos
Elyvilon
Fedhas
Gozag
Hepliaklqana
Kikubaaqudgha
Makhleb
Nemelex Xobeh
Okawaru
Qazlal
Ru
Sif Muna
Trog
Uskayaw
Vehumet
Wu Jian
Xom
Yredelemnul
Zin
The Shining One
Jiyva
Lugonu


Innate Abilities, Weirdness & Mutations

You are too large for most types of armour.
You have claws for hands.
Your natural rate of healing is unusually fast.
You are covered in fur. (AC +1)
You have tough skin. (AC +1)


Message History

The acid dragon spits acid at you. The splash of acid hits you!!
* * * LOW HITPOINT WARNING * * *
Your Unarmed Combat skill increases to level 12!
You have reached level 6!
You feel stronger.
You take 20 damage, and have 6/55 hp.
MASSIVE DAMAGE!!
MP restored: 6 You feel much better.
You regained 21 hp, and now have 27/55 hp.
A red film seems to cover your vision as you go berserk!
You feel yourself moving faster!
You feel mighty! The acid dragon bites you. The acid dragon claws you.
You now have 32/82 hp.
You mangle the acid dragon!!
You kill the acid dragon!
Your Unarmed Combat skill gained 2 levels and is now at level 14!
You are too injured to fight recklessly!
You are too injured to fight recklessly!
The two-headed ogre barely misses you.
The two-headed ogre completely misses you.
Things that are here:
a +0 flail; a +0 plate armour; an orc corpse You claw the two-headed ogre!
The two-headed ogre is lightly wounded.
You barely miss the two-headed ogre.
The two-headed ogre is lightly wounded.
You mangle the two-headed ogre!!
The two-headed ogre is severely wounded.
The two-headed ogre hits you with a +0 giant club!
* * * LOW HITPOINT WARNING * * *
The two-headed ogre hits you with a +0 giant club!
* * * LOW HITPOINT WARNING * * *
You take 29 damage, and have 5/82 hp.
MASSIVE DAMAGE!!
You scratch the two-headed ogre.
The two-headed ogre is severely wounded.
You mangle the two-headed ogre!!
The two-headed ogre is almost dead.
The two-headed ogre hits you with a +0 giant club!
You die... ▓▓▓▓▓▓▓▓▓▓▓▓▓▓▓▓▓▓▓▓▓▓▓▓▓▓ +.....KoO@[[[.)..'________ ▓▓▓▓▓▓▓▓▓▓▓▓▓▓▓▓▓▓▓▓▓▓▓▓▓▓

You could see a two-headed ogre, an orc warrior and a kobold brigand.

Vanquished Creatures
  An acid dragon (D)
  An orc warrior (D)
  A centaur (D)
  A scorpion (D)
  A howler monkey (D)
  An orc priest (D)
  An orc (D)
  A ball python (D)
  A goblin (D)
  2 quokkas (D)
  A frilled lizard (D)
  A rat (D)
13 creatures vanquished.

Vanquished Creatures (others)
  A great orb of eyes (D)
1 creature vanquished.

Grand Total: 14 creatures vanquished

Notes
Turn   | Place    | Note
-------+----------+-------------------------------------------
     0 | D        | Ofeo the Troll Warper began the quest for the Orb.
     0 | D        | Reached XP level 1. HP: 19/19 MP: 1/1
    13 | D        | Reached skill level 3 in Unarmed Combat
    19 | D        | Reached skill level 4 in Unarmed Combat
    25 | D        | Noticed an orc priest
    25 | D        | Noticed a scorpion
    25 | D        | Noticed a howler monkey
    30 | D        | Killed a howler monkey
    31 | D        | Reached skill level 6 in Unarmed Combat
    31 | D        | Reached XP level 2. HP: 21/27 MP: 2/2
    31 | D        | Reached XP level 3. HP: 25/33 MP: 3/3
    34 | D        | Killed a scorpion
    35 | D        | Reached skill level 9 in Unarmed Combat
    35 | D        | Reached XP level 4. HP: 9/41 MP: 4/4
   148 | D        | Found a snail-covered altar of Cheibriados.
   148 | D        | Found a shadowy altar of Dithmenos.
   148 | D        | Found a white marble altar of Elyvilon.
   148 | D        | Found a blossoming altar of Fedhas.
   148 | D        | Found an opulent altar of Gozag.
   149 | D        | Found a hazy altar of Hepliaklqana.
   150 | D        | Found a viscous altar of Jiyva.
   151 | D        | Found an ancient bone altar of Kikubaaqudgha.
   152 | D        | Found a corrupted altar of Lugonu.
   153 | D        | Found a burning altar of Makhleb.
   154 | D        | Found a sparkling altar of Nemelex Xobeh.
   155 | D        | Found an iron altar of Okawaru.
   156 | D        | Found a stormy altar of Qazlal.
   157 | D        | Found a sacrificial altar of Ru.
   158 | D        | Became a worshipper of Jiyva Jaoseff the Shapeless
   159 | D        | Found a shimmering blue altar of Sif Muna.
   160 | D        | Found a bloodstained altar of Trog.
   161 | D        | Found a hide-covered altar of Uskayaw.
   162 | D        | Found a radiant altar of Vehumet.
   163 | D        | Found an ornate altar of the Wu Jian Council.
   163 | D        | Killed a great orb of eyes
   164 | D        | Found a shimmering altar of Xom.
   165 | D        | Found a basalt altar of Yredelemnul.
   166 | D        | Found a glowing silver altar of Zin.
   167 | D        | Found a glowing golden altar of the Shining One.
   191 | D        | Noticed a kobold brigand
   191 | D        | Noticed a two-headed ogre
   191 | D        | Noticed an orc warrior
   191 | D        | Noticed an acid dragon
   191 | D        | Noticed an orc warrior
   191 | D        | Noticed a centaur
   195 | D        | Killed a centaur
   196 | D        | Reached skill level 11 in Unarmed Combat
   196 | D        | Reached XP level 5. HP: 42/48 MP: 5/5
   202 | D        | Killed an orc warrior
   203 | D        | Reached skill level 12 in Unarmed Combat
   203 | D        | Reached XP level 6. HP: 6/55 MP: 6/6
   205 | D        | Killed an acid dragon
   206 | D        | Reached skill level 14 in Unarmed Combat
   211 | D        | Mangled by a two-headed ogre

Illustrated notes

Levels and vault maps discovered:
D:        linesprint [early_d, line_temple, items_1, d_10, items_2, lair_1,
          lair_end, items_3, orc_1, orc_end, items_4, d_15, swamp_1, shoals_1,
          snake_1, spider_1, d_20, vaults_1, items_5, swamp_end, shoals_end,
          snake_end, spider_end, vaults_end, d_27, items_6, zot_1, zot_end,
          crypt_end, forest_end, elf_end, slime_end, tomb_end, abyss_end,
          pan_hell_end]

Skill      XL: |  1  2  3  4  5  6 |
---------------+-------------------+-----
Unarmed Combat | 6 9 11 12 14 | 14.1
Fighting       | |  1.5
Throwing       | |  0.8
Dodging        | |  1.9
Spellcasting   | |  1.2
Translocations | |  2.1

Action                   |  1- 3 |  4- 6 || total
-------------------------+-------+-------++-------
Melee: Unarmed           |    24 |    17 ||    41
       Punch             |     1 |       ||     1
  Use: Potion            |       |     2 ||     2
Armor: Robe              |     8 |     1 ||     9
Dodge: Dodged            |     5 |     8 ||    13

Table legend: (Time is in decaauts)
 A = Elapsed time spent in this place.
 B = Non-inter-level travel time spent in this place.
 C = Inter-level travel time spent in this place.
 D = Time resting spent in this place.
 E = Time spent auto-exploring this place.
 F = Levels seen in this place.
 G = Mean time per level.
                   A        B        C        D        E       F      G
               +--------+--------+--------+--------+--------+-----+--------+
         Total |    204 |    204 |      0 |    104 |      0 |   1 |  204.0 |
       Dungeon |    204 |    204 |      0 |    104 |      0 |   1 |  204.0 |
               +--------+--------+--------+--------+--------+-----+--------+

Top non-repeatable levels by time:
       D: 204 daAuts
